 Dungeon Crawl Stone Soup version 0.26-a0-690-gcb57259078 (webtiles) character file.

Game seed: 10567290634000842264

284 robertstho the Caller (level 6, 0/44 HPs)
             Began as a Gnoll Summoner on Oct 23, 2020.
             Slain by Duvessa
             ... wielding a +0 rapier
              (5 damage)
             ... on level 4 of the Dungeon.
             The game lasted 00:06:11 (4226 turns).

robertstho the Caller (Gnoll Summoner)              Turns: 4226, Time: 00:06:12

Health: 0/44       AC:  3    Str: 11    XL:     6   Next: 29%
Magic:  0/14       EV: 15    Int: 19    God:
Gold:   197        SH:  0    Dex: 15    Spells: 2/15 levels left

rFire    . . .     SeeInvis .   s - +2 flail (vorpal)
rCold    . . .     Faith    .   (no shield)
rNeg     . . .     Spirit   .   a - +0 robe
rPois    .         Reflect  .   (no helmet)
rElec    .         Harm     .   (no cloak)
rCorr    +         Rampage  .   d - +0 pair of gloves
MR       .....                  (no boots)
Stlth    +++.......             r - amulet of the acrobat
HPRegen  0.14/turn              c - ring of resist corrosion
MPRegen  0.14/turn              (no ring)

@: no status effects
A: distributed training, fangs 1, strong nose
a: no special abilities


You were on level 4 of the Dungeon.
You visited 1 branch of the dungeon, and saw 4 of its levels.

You collected 197 gold pieces.

Inventory:

Hand Weapons
 s - a +2 vorpal flail (weapon)
Armour
 a - a +0 robe (worn)
 d - a +0 pair of gloves (worn)
Jewellery
 c - a ring of resist corrosion (left hand)
 r - an amulet of the acrobat (around neck)
Scrolls
 b - a scroll of remove curse
 f - a scroll of enchant weapon {unknown}
 g - a scroll of teleportation
 k - 2 scrolls of magic mapping
 l - a scroll of amnesia {unknown}
 m - 2 scrolls of identify {unknown}
 n - 2 scrolls of enchant armour {unknown}
 o - a scroll of fog {unknown}
Potions
 i - a potion of cancellation {unknown}
 j - 2 potions of curing {unknown}
 p - a potion of lignification {unknown}
 q - 2 potions of flight {unknown}


   Skills:
 + Level 1.9 Fighting
 + Level 1.9 Short Blades
 + Level 1.9 Long Blades
 + Level 1.9 Axes
 + Level 1.9 Maces & Flails
 + Level 1.9 Polearms
 + Level 1.9 Staves
 + Level 1.9 Slings
 + Level 1.9 Bows
 + Level 1.9 Crossbows
 + Level 1.9 Throwing
 + Level 1.9 Armour
 + Level 4.9 Dodging
 + Level 4.5 Stealth
 + Level 1.9 Shields
 + Level 1.9 Unarmed Combat
 + Level 5.3 Spellcasting
 + Level 1.5 Conjurations
 + Level 1.5 Hexes
 + Level 7.2 Summonings
 + Level 1.5 Necromancy
 + Level 1.5 Translocations
 + Level 1.5 Transmutations
 + Level 1.5 Fire Magic
 + Level 1.5 Ice Magic
 + Level 1.5 Air Magic
 + Level 1.5 Earth Magic
 + Level 1.5 Poison Magic
 + Level 2.1 Invocations
 + Level 1.9 Evocations


You had 2 spell levels left.
You knew the following spells:

 Your Spells              Type           Power        Failure   Level
a - Summon Small Mammal   Summ           ####         1%          1
b - Call Imp              Summ           ####....     1%          2
c - Call Canine Familiar  Summ           ####....     1%          3
d - Summon Guardian Gole  Hex/Summ       ###.....     6%          3
e - Summon Ice Beast      Ice/Summ       ###.....     21%         4

Your spell library contained the following spells:

 Spells                   Type           Power        Failure   Level
 Summon Lightning Spire   Summ/Air       ###.....     21%         4


Dungeon Overview and Level Annotations

Branches:
Dungeon (4/15)
 Temple: D:4-7

Altars:
Nemelex Xobeh
Xom

Annotations:
D:3 2 transporters, Thatotherguy's ghost, amateur OgWz
D:4 Dowan; Duvessa


Innate Abilities, Weirdness & Mutations

Your experience applies equally to all skills.
You have very sharp teeth.
Your uncanny sense of smell can sniff out nearby items.


Message History

Casting: Call Imp (safe; 1% risk of failure)
Confirm with . or Enter, or press ? or * to list all spells.
You feel sick.
You are no longer poisoned.
Your iron imp closely misses Duvessa.
Duvessa hits you with a +0 rapier. Dowan barely misses you.
Your hound completely misses Duvessa.
Your crimson imp hits Duvessa but does no damage.
The worker ant waves its antennae.
The worker ant misses your hound.
You hit Duvessa but do no damage. You bite Duvessa, but do no damage.
Duvessa is severely wounded.
Your bat hits Duvessa but does no damage.
Duvessa hits you with a +0 rapier!
* * * LOW HITPOINT WARNING * * *
Your hound misses Duvessa.
Your bat barely misses Duvessa.
Dowan hits you but does no damage.
Your iron imp hits Duvessa but does no damage.
The worker ant misses your hound.
Your hound bites Duvessa.
Duvessa hits you with a +0 rapier.
You die...

#..............# ***,
#..............###,,,
#..*#.............,,*
##..##.............,,*
#..................,,,
###..................,,,
**#....................,,,
***
*,.......ehB.........##**,
*,* **.......@e5.......###
** *,**
*,........b5...###..#* *
**,*****,........†.####
*#..# **,,**,,.........##
*..#* * **,,,,,,........##
**..* * *,,**,,*###.....#
**,****
**,****,,**#....##*
**,,,,,
*,,***,,,,,..###,,****
**,,*,*, *,**,,,,,,,***
*,*,,,* *,***,**


You could see Duvessa (fast), Dowan, a worker ant, a friendly hound (summoned),
a friendly iron imp (summoned), a friendly crimson imp (summoned) and a friendly
bat (summoned).

Vanquished Creatures
  A scorpion (D:4)
  An adder (D:3)
  2 dart slugs
  2 leopard geckos (D:3)
  A ball python (D:1)
  5 bats
  2 goblins
  A hobgoblin (D:3)
  A jackal (D:3)
  A quokka (D:3)
  A frilled lizard (D:1)
  6 kobolds
  7 rats
31 creatures vanquished.

Vanquished Creatures (collateral kills)
  A phantom (D:4)
  A howler monkey (D:4)
  2 hounds (D:4)
  An orc priest (D:4)
  2 orc wizards (D:4)
  2 adders
  An ooze (D:1)
  A worm (D:2)
  3 dart slugs (D:1)
  3 leopard geckos
  6 orcs (D:4)
  A ball python (D:1)
  A giant cockroach (D:3)
  2 goblins
  6 hobgoblins
  7 jackals
  6 kobolds
  3 bats
  4 frilled lizards
  A jackal skeleton (D:4)
  A rat (D:3)
55 creatures vanquished.

Grand Total: 86 creatures vanquished

Notes
Turn   | Place    | Note
-------+----------+-------------------------------------------
     0 | D:1      | robertstho the Gnoll Summoner began the quest for the Orb.
     0 | D:1      | Reached XP level 1. HP: 13/13 MP: 6/6
   328 | D:1      | Reached XP level 2. HP: 17/19 MP: 4/7
   535 | D:1      | Learned a level 2 spell: Call Imp
   803 | D:1      | Reached XP level 3. HP: 19/25 MP: 3/9
   984 | D:1      | Reached skill level 5 in Spellcasting
  1621 | D:2      | Found a sparkling altar of Nemelex Xobeh.
  1808 | D:2      | Reached skill level 1 in Invocations
  2440 | D:2      | Reached skill level 1 in Fighting
  2440 | D:2      | Reached skill level 1 in Short Blades
  2440 | D:2      | Reached skill level 1 in Long Blades
  2440 | D:2      | Reached skill level 1 in Axes
  2440 | D:2      | Reached skill level 1 in Maces & Flails
  2440 | D:2      | Reached skill level 1 in Polearms
  2440 | D:2      | Reached skill level 1 in Staves
  2440 | D:2      | Reached skill level 1 in Slings
  2440 | D:2      | Reached skill level 1 in Bows
  2440 | D:2      | Reached skill level 1 in Crossbows
  2440 | D:2      | Reached skill level 1 in Throwing
  2440 | D:2      | Reached skill level 1 in Armour
  2440 | D:2      | Reached skill level 1 in Shields
  2440 | D:2      | Reached skill level 1 in Unarmed Combat
  2440 | D:2      | Reached skill level 1 in Evocations
  2445 | D:2      | Learned a level 3 spell: Call Canine Familiar
  2449 | D:2      | Learned a level 3 spell: Summon Guardian Golem
  2686 | D:3      | Reached XP level 4. HP: 31/32 MP: 11/11
  2832 | D:3      | Found a shimmering altar of Xom.
  3027 | D:3      | Noticed Thatotherguy's ghost (amateur OgWz)
  3028 | D:3      | Noticed a bullfrog
  3038 | D:3      | Found a transporter.
  3065 | D:3      | Found a transporter.
  3149 | D:3      | Reached skill level 1 in Conjurations
  3149 | D:3      | Reached skill level 1 in Hexes
  3149 | D:3      | Reached skill level 1 in Necromancy
  3149 | D:3      | Reached skill level 1 in Translocations
  3149 | D:3      | Reached skill level 1 in Transmutations
  3149 | D:3      | Reached skill level 1 in Fire Magic
  3149 | D:3      | Reached skill level 1 in Ice Magic
  3149 | D:3      | Reached skill level 1 in Air Magic
  3149 | D:3      | Reached skill level 1 in Earth Magic
  3149 | D:3      | Reached skill level 1 in Poison Magic
  3334 | D:3      | Learned a level 4 spell: Summon Ice Beast
  3515 | D:4      | Reached XP level 5. HP: 15/37 MP: 4/12
  4181 | D:4      | Noticed a phantom
  4198 | D:4      | Reached XP level 6. HP: 36/44 MP: 5/13
  4200 | D:4      | Noticed Duvessa
  4207 | D:4      | Noticed Dowan
  4208 | D:4      | Killed a phantom
  4226 | D:4      | Slain by Duvessa

Illustrated notes

Levels and vault maps discovered:
D:1:      giann_forest_graveyard, layout_rooms
D:2:      layout_loops_corners, old_standard_altar, nrook_campfire
D:3:      layout_basic, nicolae_overflow_crystal_walls, gammafunk_ghost_arena
D:4:      layout_layer_cave, kennysheep_small_spiral, uniq_duvessa, uniq_sigmund

Skill      XL: |  1  2  3  4  5 |
---------------+----------------+-----
Spellcasting   | 5 |  5.3
Invocations    | 1 2 |  2.1
Fighting       | 1 |  1.9
Short Blades   | 1 |  1.9
Long Blades    | 1 |  1.9
Axes           | 1 |  1.9
Maces & Flails | 1 |  1.9
Polearms       | 1 |  1.9
Staves         | 1 |  1.9
Slings         | 1 |  1.9
Bows           | 1 |  1.9
Crossbows      | 1 |  1.9
Throwing       | 1 |  1.9
Armour         | 1 |  1.9
Shields        | 1 |  1.9
Unarmed Combat | 1 |  1.9
Evocations     | 1 |  1.9
Conjurations   | 1 |  1.5
Hexes          | 1 |  1.5
Necromancy     | 1 |  1.5
Translocations | 1 |  1.5
Transmutations | 1 |  1.5
Fire Magic     | 1 |  1.5
Ice Magic      | 1 |  1.5
Air Magic      | 1 |  1.5
Earth Magic    | 1 |  1.5
Poison Magic   | 1 |  1.5
Dodging        | |  4.9
Stealth        | |  4.5
Summonings     | |  7.2

Action                   |  1- 3 |  4- 6 || total
-------------------------+-------+-------++-------
Melee: Whip              |    27 |       ||    27
       Bite              |    10 |     6 ||    16
       Dagger            |   116 |    69 ||   185
       Punch             |       |     2 ||     2
       Flail             |       |     8 ||     8
 Cast: Summon Small Mamm |    51 |     4 ||    55
       Call Imp          |     2 |    18 ||    20
       Call Canine Famil |     1 |     9 ||    10
  Use: Scroll            |       |     3 ||     3
 Stab: Sleeping          |     6 |     3 ||     9
Armor: Robe              |    30 |    16 ||    46
Dodge: Dodged            |   138 |    78 ||   216

Table legend: (Time is in decaauts)
 A = Elapsed time spent in this place.
 B = Non-inter-level travel time spent in this place.
 C = Inter-level travel time spent in this place.
 D = Time resting spent in this place.
 E = Time spent auto-exploring this place.
 F = Levels seen in this place.
 G = Mean time per level.
                   A        B        C        D        E       F      G
               +--------+--------+--------+--------+--------+-----+--------+
         Total |   4221 |   4148 |     73 |    130 |   3219 |   4 | 1055.2 |
       Dungeon |   4221 |   4148 |     73 |    130 |   3219 |   4 | 1055.2 |
               +--------+--------+--------+--------+--------+-----+--------+

Top non-repeatable levels by time:
     D:1: 1399 daAuts
     D:2: 1139 daAuts
     D:3: 1086 daAuts
     D:4: 596 daAuts
